 Dungeon Crawl Stone Soup version 0.28.0-1-gb440e238dd (webtiles) character file.

Game seed: 4680438173324709581

18 issech the Cudgeller (level 2, -1/29 HPs)
             Began as a Troll Monk on Feb 19, 2022.
             Slain by a goblin (5 damage)
             ... led by Robin
             ... on level 1 of the Dungeon.
             The game lasted 00:01:47 (658 turns).

issech the Cudgeller (Troll Monk)                    Turns: 658, Time: 00:01:47

Health: -1/29      AC:  4    Str: 18    XL:     2   Next: 48%
Magic:  1/1        EV: 10    Int:  6    God:
Gold:   19         SH:  0    Dex: 12    Spells: 1/1 levels left

rFire   . . .      SeeInvis .   a - +0 mace
rCold   . . .      Faith    .   (no shield)
rNeg    . . .      Spirit   .   b - +0 robe
rPois   .          Reflect  .   (helmet restricted)
rElec   .          Harm     .   (no cloak)
rCorr   .          Rampage  .   (gloves unavailable)
Will    .....                   (boots unavailable)
Stlth   ++........              (no amulet)
HPRegen 0.89/turn               (no ring)
MPRegen 0.07/turn               (no ring)

@: no status effects
A: large, unfitting armour, claws 3, regeneration 1, shaggy fur 1, tough skin 1
a: no special abilities


You were on level 1 of the Dungeon.
You visited 1 branch of the dungeon, and saw 2 of its levels.

You collected 19 gold pieces.

Inventory:

Hand Weapons
 a - a +0 mace (weapon)
 e - a +1 dagger of draining
Missiles
 c - 14 arrows
 d - 31 stones
 f - 4 large rocks (quivered)
 i - 11 bolts
Armour
 b - a +0 robe (worn)
Scrolls
 g - a scroll of acquirement {unknown}
Potions
 h - 2 potions of curing {unknown}


   Skills:
 + Level 2.9 Fighting
 + Level 2.9 Maces & Flails
 + Level 2.5 Dodging
 + Level 1.0 Stealth


You had one spell level left.
You didn't know any spells.
Your spell library was empty.

Dungeon Overview and Level Annotations

Branches:
Dungeon (2/15)

Altars:


Innate Abilities, Weirdness & Mutations

You are too large for most types of armour.
You have claws for hands.
Your natural rate of healing is unusually fast.
You are covered in fur. (AC +1)
You have tough skin. (AC +1)


Message History

You hear a shout! x2
Found 3 poisoned darts.
There is a stone staircase leading up here.
The hobgoblin hits you but does no damage. x2
The goblin hits you with a +0 dagger.
Robin roars a battlecry!
The goblins go into a battle-frenzy!
The goblin hits you with a +0 dagger.
You climb upwards.
There is a stone staircase leading down here.
You hit Robin.
Robin is moderately wounded.
The goblin misses you. Robin hits you with a +0 spear.
The goblin hits you with a +0 dagger.
The hobgoblin hits you but does no damage.
The hobgoblin closely misses you.
You barely miss Robin.
Robin is moderately wounded.
The goblin hits you but does no damage. Robin hits you with a +0 spear.
The goblin misses you. The hobgoblin barely misses you. x2
You hit Robin.
Robin is severely wounded.
The goblin hits you with a +0 dagger. Robin hits you with a +0 spear.
The goblin hits you with a +0 dagger. The hobgoblin hits you.
* * * LOW HITPOINT WARNING * * *
The hobgoblin hits you.
* * * LOW HITPOINT WARNING * * *
You barely miss Robin.
Robin is severely wounded.
The goblin misses you. Robin closely misses you.
The goblin hits you but does no damage. The hobgoblin barely misses you.
The hobgoblin hits you but does no damage.
The goblin closely misses you.
The hobgoblin hits you but does no damage.
The hobgoblin closely misses you. Robin barely misses you.
The goblin closely misses you.
You hit Robin.
You kill Robin!
The goblin hits you with a +0 dagger.
You die...

#...............###...#.#
#..#####..............#.#
#..##...................#
#.......................#####
##.##.##....................#
.................##...#.#####
##.##.##..............#.#
##.##..........gg##...#.#
...............g@.....#.#
##.............g.)....#.#
##..............###...#.#
♣..##.###.......###...#.#
≈≈....................#.#
≈≈♣##.###..###..###...#.#
≈≈.........# #..# #...#.#
♣..##.###..###..# #...#.#
##.............##
#...#.######


You could see 2 hobgoblins and 2 goblins.

Vanquished Creatures
  Robin (D:1)
  2 bats (D:1)
  2 giant cockroaches (D:1)
  3 goblins (D:1)
  2 hobgoblins (D:1)
  2 kobolds (D:1)
  A frilled lizard (D:1)
  4 rats (D:1)
17 creatures vanquished.

Notes
Turn   | Place    | Note
-------+----------+-------------------------------------------
     0 | D:1      | issech the Troll Monk began the quest for the Orb.
     0 | D:1      | Reached XP level 1. HP: 22/22 MP: 0/0
   102 | D:1      | Reached XP level 2. HP: 20/29 MP: 1/1
   651 | D:2      | Noticed Robin
   658 | D:1      | Killed Robin
   658 | D:1      | Slain by a goblin

Illustrated notes

Levels and vault maps discovered:
D:1:      sevenhm_arrival_forest_fort_small_4, layout_basic
D:2:      layout_basic, hellmonk_ecumenical_altar_pennies_from_heaven,
          serial_park_tiny_2, uniq_robin

Action                   || total
-------------------------++-------
Melee: Mace              ||    39
       Punch             ||     1
 Stab: Sleeping          ||     1
Armor: Robe              ||    28
Dodge: Dodged            ||    28
